 Dungeon Crawl Stone Soup version 0.29.1-2-gbd0b4ee654 (webtiles) character file.

Game seed: 7350041668299931642

456 Avanven the Skirmisher (level 7, 0/56 HPs)
             Began as a Gnoll Hunter on Nov 5, 2022.
             Was an Initiate of Hepliaklqana.
             Slain by a gargoyle
             ... wielding a +0 mace
              (5 damage)
             ... on level 4 of the Dungeon.
             The game lasted 00:05:33 (2971 turns).

Avanven the Skirmisher (Gnoll Hunter)               Turns: 2971, Time: 00:05:34

Health: 0/56       AC:  3    Str:  9 (11) XL:     7   Next: 6%
Magic:  10/10      EV: 14    Int:  6 (8)  God:    Hepliaklqana [......]
Gold:   127        SH:  0    Dex: 17      Spells: 10/10 levels left

rFire   + . .      SeeInvis .   a - +0 shortbow
rCold   . . .      Faith    .   (shield currently unavailable)
rNeg    . . .      Spirit   .   c - +0 leather armour
rPois   .          Reflect  .   (no helmet)
rElec   .          Harm     .   (no cloak)
rCorr   .          Rampage  .   (no gloves)
Will    .....                   (no boots)
Stlth   ++........              n - amulet of regeneration
HPRegen 0.98/turn               k - ring of protection from fire
MPRegen 0.12/turn               (no ring)

@: attractive
A: fangs 1, strong nose, distributed training
a: Renounce Religion


You were on level 4 of the Dungeon.
You worshipped Hepliaklqana.
Hepliaklqana was noncommittal.
You visited 2 branches of the dungeon, and saw 6 of its levels.

You collected 127 gold pieces.

Inventory:

Hand Weapons
 a - a +0 shortbow (weapon)
 g - a +1 antimagic hand axe
Armour
 c - a +0 leather armour (worn)
Jewellery
 k - a ring of protection from fire (left hand)
 n - an amulet of regeneration (around neck)
Wands
 d - a wand of digging (8)
Scrolls
 b - a scroll of immolation
 e - 2 scrolls of identify
 f - 3 scrolls of magic mapping
Potions
 h - 3 potions of curing


   Skills:
 + Level 5.1 Fighting
 + Level 2.3 Short Blades
 + Level 2.3 Long Blades
 + Level 2.3 Axes
 + Level 2.3 Maces & Flails
 + Level 2.3 Polearms
 + Level 2.3 Staves
 + Level 8.9 Ranged Weapons
 + Level 2.3 Throwing
 + Level 2.3 Armour
 + Level 5.1 Dodging
 + Level 3.3 Stealth
 + Level 2.3 Shields
 + Level 2.3 Unarmed Combat
 + Level 2.3 Spellcasting
 + Level 1.9 Conjurations
 + Level 1.9 Hexes
 + Level 1.9 Summonings
 + Level 1.9 Necromancy
 + Level 1.9 Translocations
 + Level 1.9 Transmutations
 + Level 1.9 Fire Magic
 + Level 1.9 Ice Magic
 + Level 1.9 Air Magic
 + Level 1.9 Earth Magic
 + Level 1.9 Poison Magic
 + Level 2.5 Invocations
 + Level 2.3 Evocations


You had 10 spell levels left.
You didn't know any spells.
Your spell library contained the following spells:

 Spells                   Type           Power      Damage    Failure   Level
 Necrotise                Necr           12%        1d4       24%         1
 Call Canine Familiar     Summ           3%         N/A       58%         3
 Conjure Flame            Conj/Fire      3%         6-21      58%         3
 Ignite Poison            Fire/Tmut/Pois 3%         N/A       58%         3
 Portal Projectile        Hex/Tloc       6%         N/A       58%         3
 Stone Arrow              Conj/Erth      6%         3d7       58%         3
 Vampiric Draining        Necr           3%         2d6       58%         3
 Animate Armour           Summ/Erth      6%         N/A       94%         4
 Leda's Liquefaction      Hex/Erth       1%         N/A       94%         4
 Sticky Flame             Conj/Fire      3%         2d3       94%         4
 Agony                    Necr           3%         N/A       100%        5
 Lehudib's Crystal Spear  Conj/Erth      1%         10d2      100%        8


Dungeon Overview and Level Annotations

Branches:
Dungeon (5/15)             Temple (1/1) D:4

Altars:
Ashenzari
Cheibriados
Fedhas
Hepliaklqana
Kikubaaqudgha
Makhleb
Okawaru
Qazlal
Uskayaw
Wu Jian
Xom
Zin
The Shining One


Innate Abilities, Weirdness & Mutations

You have very sharp teeth.
Your uncanny sense of smell can sniff out nearby items.
Your experience applies equally to all skills.


Message History

No target in view!
A gargoyle comes into view. It is wielding a +0 mace.
You shoot an arrow. The arrow hits the gargoyle.
The gargoyle is lightly damaged.
You hear an angry hiss.
No target in view!
No target in view!
No target in view!
No target in view!
An adder comes into view.
You shoot an arrow. The arrow closely misses the adder.
You shoot an arrow. The arrow misses the adder.
You shoot an arrow. The arrow barely misses the adder.
The adder misses you.
There are monsters nearby!
You shoot an arrow. The arrow hits the adder!
You kill the adder!
Okay, then.
It was a potion of attraction.
You feel attractive to monsters. The gargoyle misses you.
The gargoyle hits you with a +0 mace! The gargoyle attacks as you move away!
The gargoyle barely misses you.
There is a stone staircase leading up here.
The gargoyle hits you with a +0 mace!!
You climb upwards.
There is a stone staircase leading down here.
The gargoyle attacks as you move away! The gargoyle closely misses you.
The gargoyle attacks as you move away! The gargoyle hits you with a +0 mace!
The gargoyle attacks as you move away! The gargoyle barely misses you.
The gargoyle attacks as you move away! The gargoyle misses you.
The gargoyle hurls a stone arrow at you.
The stone arrow hits you!
* * * LOW HITPOINT WARNING * * *
The gargoyle is attracted toward you. The gargoyle attacks as you move away!
The gargoyle closely misses you. The gargoyle attacks as you move away!
The gargoyle hits you with a +0 mace!
* * * LOW HITPOINT WARNING * * *
The gargoyle is attracted toward you. The gargoyle attacks as you move away!
The gargoyle hits you with a +0 mace.
You die...

######.#.####.......<#.#
................>#...#.#
.........####..#.#...#.#
######.#.......#.#...#.#
#
#...........#.....#####
####
#...........#...#.....#
...#
##..........#...#.###.#
...#
##.........#..##.###.#
...#
##..#####@#.###.#...#
...# #..# #..9§# #.#.###
...# #..# #..### #.#.#
...# #..####.##
#.#.##### ...# ##....#.#
#.#....<# †..#
#.##.#.######.#######
...# #.....>#....#.#
...############.##.#.#.#
.........# #.##.#.#.#


You could see a gargoyle.

Vanquished Creatures
  A centaur (D:4)
  A scorpion (D:3)
  A hound (D:4)
  Natasha (thrice) (D:2)
  2 iguanas (D:4)
  Robin (D:3)
  9 adders
  2 worms
  3 orcs (D:4)
  9 ball pythons
  5 bats
  4 endoplasms (D:2)
  3 giant cockroaches
  7 goblins
  5 hobgoblins
  2 jackals (D:4)
  2 quokkas
  4 frilled lizards
  4 kobolds
  8 rats
76 creatures vanquished.

Notes
Turn   | Place    | Note
-------+----------+-------------------------------------------
     0 | D:1      | Avanven the Gnoll Hunter began the quest for the Orb.
     0 | D:1      | Reached XP level 1. HP: 20/20 MP: 1/1
   248 | D:1      | Reached XP level 2. HP: 26/26 MP: 2/2
   687 | D:2      | Reached XP level 3. HP: 31/31 MP: 3/3
   701 | D:2      | Reached skill level 1 in Invocations
   984 | D:2      | Reached skill level 1 in Short Blades
   984 | D:2      | Reached skill level 1 in Long Blades
   984 | D:2      | Reached skill level 1 in Axes
   984 | D:2      | Reached skill level 1 in Maces & Flails
   984 | D:2      | Reached skill level 1 in Polearms
   984 | D:2      | Reached skill level 1 in Staves
   984 | D:2      | Reached skill level 1 in Throwing
   984 | D:2      | Reached skill level 1 in Armour
   984 | D:2      | Reached skill level 1 in Shields
   984 | D:2      | Reached skill level 1 in Unarmed Combat
   984 | D:2      | Reached skill level 1 in Spellcasting
   984 | D:2      | Reached skill level 1 in Evocations
  1025 | D:2      | Reached XP level 4. HP: 38/38 MP: 5/5
  1049 | D:2      | Noticed Natasha
  1052 | D:2      | Killed Natasha
  1053 | D:2      | Reached skill level 1 in Conjurations
  1053 | D:2      | Reached skill level 1 in Hexes
  1053 | D:2      | Reached skill level 1 in Summonings
  1053 | D:2      | Reached skill level 1 in Necromancy
  1053 | D:2      | Reached skill level 1 in Translocations
  1053 | D:2      | Reached skill level 1 in Transmutations
  1053 | D:2      | Reached skill level 1 in Fire Magic
  1053 | D:2      | Reached skill level 1 in Ice Magic
  1053 | D:2      | Reached skill level 1 in Air Magic
  1053 | D:2      | Reached skill level 1 in Earth Magic
  1053 | D:2      | Reached skill level 1 in Poison Magic
  1189 | D:2      | Noticed Natasha
  1200 | D:2      | Killed Natasha
  1201 | D:2      | Reached XP level 5. HP: 32/43 MP: 5/7
  1335 | D:2      | Noticed Natasha
  1339 | D:2      | Killed Natasha
  1801 | D:3      | Reached XP level 6. HP: 50/50 MP: 8/8
  1890 | D:3      | Found a faded altar of an unknown god.
  1924 | D:3      | Noticed Robin
  1970 | D:3      | Killed Robin
  2247 | D:4      | Reached skill level 5 in Fighting
  2247 | D:4      | Reached skill level 5 in Dodging
  2632 | D:4      | Found a staircase to the Ecumenical Temple.
  2710 | Temple   | Entered the Ecumenical Temple
  2732 | Temple   | Became a worshipper of Hepliaklqana the Forgotten
  2780 | D:4      | Reached XP level 7. HP: 46/56 MP: 10/10
  2945 | D:5      | Entered Level 5 of the Dungeon
  2947 | D:5      | Noticed a gargoyle
  2971 | D:4      | Slain by a gargoyle

Illustrated notes

Levels and vault maps discovered:
D:1:      grunt_arrival_crossed_arrows, layout_loops_cross, glass_columns_a
D:2:      layout_loops_ring, uniq_natasha
D:3:      layout_rooms, shapermc_ecumenical_altar_starsandcircs,
          dreamdust_princess_corridor, uniq_robin
D:4:      layout_basic, temple_statues, kennysheep_generic_room_7
D:5:      layout_loops_ring, serial_shops, nicolae_shop_hallway_stairs
Temple:   nicolae_temple_bog_church

Skill      XL: |  1  2  3  4  5  6 |
---------------+-------------------+-----
Invocations    | 1 2 |  2.5
Short Blades   | 1 2 |  2.3
Long Blades    | 1 2 |  2.3
Axes           | 1 2 |  2.3
Maces & Flails | 1 2 |  2.3
Polearms       | 1 2 |  2.3
Staves         | 1 2 |  2.3
Throwing       | 1 2 |  2.3
Armour         | 1 2 |  2.3
Shields        | 1 2 |  2.3
Unarmed Combat | 1 2 |  2.3
Spellcasting   | 1 2 |  2.3
Evocations     | 1 2 |  2.3
Conjurations   | 1 |  1.9
Hexes          | 1 |  1.9
Summonings     | 1 |  1.9
Necromancy     | 1 |  1.9
Translocations | 1 |  1.9
Transmutations | 1 |  1.9
Fire Magic     | 1 |  1.9
Ice Magic      | 1 |  1.9
Air Magic      | 1 |  1.9
Earth Magic    | 1 |  1.9
Poison Magic   | 1 |  1.9
Stealth        | 3 |  3.3
Fighting       | 5 |  5.1
Dodging        | 5 |  5.1
Ranged Weapons | |  8.9

Action                   |  1- 3 |  4- 6 |  7- 9 || total
-------------------------+-------+-------+-------++-------
 Fire: Shortbow          |    59 |   181 |    16 ||   256
  Use: Scroll            |       |     7 |       ||     7
       Potion            |       |     5 |     1 ||     6
Armor: Leather armour    |     4 |    35 |       ||    39
Dodge: Dodged            |     9 |    94 |     7 ||   110
